 Dungeon Crawl Stone Soup version 0.28-a0-643-g84cb2ea78e (webtiles) character file.

Game seed: 5406290983794674138

143 cheechan the Grasshopper (level 5, 0/35 HPs)
             Began as an Octopode Warper on Oct 10, 2021.
             Was an Initiate of Ru.
             Shot with a stone by a goblin (5 damage)
             ... on level 2 of the Dungeon.
             The game lasted 00:12:45 (2934 turns).

cheechan the Grasshopper (Octopode Warper)          Turns: 2934, Time: 00:12:46

Health: 0/35       AC:  1    Str: 10    XL:     5   Next: 25%
Magic:  8/8        EV: 13    Int: 16    God:    Ru [......]
Gold:   42         SH:  0    Dex: 12    Spells: 7/9 levels left

rFire   x . .      SeeInvis .   i - +2 quarterstaff (chaos)
rCold   + . .      Faith    .   (shield currently unavailable)
rNeg    . . .      Spirit   .   (helmet restricted)
rPois   +          Reflect  .   (no amulet)
rElec   .          Harm     .   g - ring of poison resistance
rCorr   .          Rampage  .   h - ring of ice
Will    .....                   (no ring)
Stlth   +++.......              (no ring)
HPRegen 0.11/turn               (no ring)
MPRegen 0.11/turn               (no ring)
                                (no ring)
                                (no ring)

@: no status effects
A: almost no armour, amphibious, 8 rings, camouflage 1, gelatinous body 1,
(nimble swimmer 1), tentacles
a: Renounce Religion


You were on level 2 of the Dungeon.
You worshipped Ru.
Ru was noncommittal.
You visited 1 branch of the dungeon, and saw 3 of its levels.

You collected 42 gold pieces.

Inventory:

Hand Weapons
 a - a +0 short sword
 i - a +2 quarterstaff of chaos (weapon)
Missiles
 c - 5 boomerangs of dispersal
 e - 71 stones (quivered)
 f - 26 bolts
Jewellery
 g - a ring of poison resistance (left tentacle)
 h - a ring of ice (right tentacle)
Scrolls
 b - a scroll of blinking
 d - 4 scrolls of identify {unknown}


   Skills:
 + Level 2.3 Fighting
 + Level 3.1 Short Blades
 + Level 1.1 Throwing
 + Level 3.0 Dodging
 + Level 2.6 Stealth
 + Level 2.6 Spellcasting
 + Level 3.5 Translocations


You had 7 spell levels left.
You knew the following spells:

 Your Spells              Type           Power      Damage    Failure   Level
a - Blink                 Tloc           N/A        N/A       7%          2

Your spell library contained the following spells:

 Spells                   Type           Power      Damage    Failure   Level
 Gell's Gravitas          Tloc           6%         N/A       14%         3
 Lesser Beckoning         Tloc           13%        N/A       14%         3
 Teleport Other           Tloc           13%        N/A       14%         3
 Static Discharge         Conj/Air       2%         N/A       30%         2
 Ignite Poison            Fire/Tmut/Pois 2%         N/A       52%         3
 Mephitic Cloud           Conj/Pois/Air  2%         N/A       52%         3
 Manifold Assault         Tloc           13%        N/A       77%         5
 Freezing Cloud           Conj/Ice/Air   1%         6-21      99%         5
 Lightning Bolt           Conj/Air       1%         1d12      99%         5
 Maxwell's Capacitive Co  Air            1%         ∞         100%        8


Dungeon Overview and Level Annotations

Branches:
Dungeon (3/15)

Altars:
Ru

Shops:
D:1 *


Innate Abilities, Weirdness & Mutations

You cannot wear most types of armour.
You are amphibious.
You can wear up to eight rings at the same time.
Your skin changes colour to match your surroundings (Stealth+).
Your rubbery body absorbs attacks. (AC +1, EV +1)
((You are camouflaged near water. (Stealth+)))
You have tentacles for arms and can constrict up to eight enemies at once.


Message History

The ball python bites you. The ball python barely misses you.
The goblin hits you with a +0 dagger.
The goblin shoots a stone.
The stone closely misses you. The ball python closely misses you. x2
You sock the ball python!
You kill the ball python!
The goblin hits you with a +0 dagger.
The goblin shoots a stone.
The stone barely misses you.
The goblin shoots a stone.
The stone hits you. The goblin closely misses you.
You barely miss the hobgoblin. Your grab misses the hobgoblin.
The goblin hits you but does no damage. The goblin hits you with a +0 dagger.
The hobgoblin hits you. The goblin misses you.
You sock the hobgoblin!
You kill the hobgoblin!
The goblin hits you with a +0 dagger. The goblin hits you with a +0 club.
The goblin shoots a stone.
The stone hits you.
You sock the goblin!
You kill the goblin!
The goblin hits you with a +0 dagger.
The goblin shoots a stone.
The stone hits you.
The goblin shoots a stone.
The stone hits you.
* * * LOW HITPOINT WARNING * * *
The goblin hits you with a +0 dagger.
* * * LOW HITPOINT WARNING * * *
The goblin shoots a stone.
The stone closely misses you.
You barely miss the goblin. You grab the goblin. You constrict the goblin.
The goblin barely misses you.
You release your grip on the goblin.
You sock the goblin!
You kill the goblin!
The goblin shoots a stone.
The stone hits you.
* * * LOW HITPOINT WARNING * * *
Blink to where?
Press: ? - help, Dir - move target
As you read the scroll of blinking, it crumbles to dust.
You start resting.
A goblin is nearby!
The goblin shoots a stone.
The stone barely misses you.
You start resting.
A goblin is nearby!
The goblin shoots a stone.
The stone hits you.
You die...

# # # # # #
#.####### #
#.......# # #.# #
....# #@#
#####...# #.#
..##....########.#
#.##...........g.#
...'...........###
####...........#
####...........#
...'...........#
####..†...g....#


You could see a goblin.

Vanquished Creatures
  Crazy Yiuf (D:2)
  An orc wizard (D:3)
  A gnoll (D:2)
  4 adders (D:2)
  2 dart slugs
  An orc (D:2)
  4 bats
  4 endoplasms
  A giant cockroach (D:2)
  6 goblins
  3 hobgoblins
  A quokka (D:2)
  4 ball pythons (D:2)
  A frilled lizard (D:2)
  5 kobolds
  A rat (D:2)
40 creatures vanquished.

Vanquished Creatures (others)
  A plant (D:3)
1 creature vanquished.

Grand Total: 41 creatures vanquished

Notes
Turn   | Place    | Note
-------+----------+-------------------------------------------
     0 | D:1      | cheechan the Octopode Warper began the quest for the Orb.
     0 | D:1      | Reached XP level 1. HP: 14/14 MP: 3/3
   295 | D:1      | Reached XP level 2. HP: 18/19 MP: 5/5
   313 | D:1      | Learned a level 2 spell: Blink
   361 | D:1      | Found a faded altar of an unknown god.
   590 | D:1      | Found Imni's Assorted Antiques.
  1075 | D:2      | Reached XP level 3. HP: 19/24 MP: 6/6
  1375 | D:2      | Reached skill level 1 in Stealth
  1446 | D:2      | Found a runed translucent door.
  1447 | D:2      | Noticed Crazy Yiuf
  1486 | D:2      | Found a sacrificial altar of Ru.
  1548 | D:3      | Reached XP level 4. HP: 12/29 MP: 5/7
  2486 | D:2      | Became a worshipper of Ru the Awakened
  2504 | D:2      | Killed Crazy Yiuf
  2505 | D:2      | Reached XP level 5. HP: 35/35 MP: 8/8
  2903 | D:2      | HP: 1/35 [goblin/stone (2)]
  2934 | D:2      | Shot with a stone by a goblin

Illustrated notes

Levels and vault maps discovered:
D:1:      ebering_trefoil_3fold, layout_basic, serial_shops, shop,
          ebering_ecumenical_altar_mist, wad_floor_pattern_untrapped,
          minmay_misc_feat_nine_boxes
D:2:      minmay_chambers_of_ones, layout_basic, basic_altar,
          minmay_goblin_outpost, uniq_crazy_yiuf_cottage
D:3:      layout_loops_ring, mainiacjoe_overflow_surrounded_room, serial_shops,
          shop, chequers_big_river

Skill      XL: |  1  2  3  4 |
---------------+-------------+-----
Stealth        | 2 |  2.6
Short Blades   | 3 |  3.1
Dodging        | 3 |  3.0
Fighting       | |  2.3
Throwing       | |  1.1
Spellcasting   | |  2.6
Translocations | |  3.5

Action                   |  1- 3 |  4- 6 || total
-------------------------+-------+-------++-------
Melee: Short sword       |    57 |    24 ||    81
       Tentacles         |    12 |     5 ||    17
       Constrict         |    17 |     6 ||    23
       Quarterstaff      |       |    10 ||    10
Throw: Stone             |     8 |     4 ||    12
 Cast: Blink             |     5 |    13 ||    18
  Use: Scroll            |       |     1 ||     1
 Stab: Sleeping          |     4 |     4 ||     8
Armor: Skin              |     6 |     5 ||    11
Dodge: Dodged            |    33 |    30 ||    63

Table legend: (Time is in decaauts)
 A = Elapsed time spent in this place.
 B = Non-inter-level travel time spent in this place.
 C = Inter-level travel time spent in this place.
 D = Time resting spent in this place.
 E = Time spent auto-exploring this place.
 F = Levels seen in this place.
 G = Mean time per level.
                   A        B        C        D        E       F      G
               +--------+--------+--------+--------+--------+-----+--------+
         Total |   2934 |   2934 |      0 |   1281 |      0 |   3 |  978.0 |
       Dungeon |   2934 |   2934 |      0 |   1281 |      0 |   3 |  978.0 |
               +--------+--------+--------+--------+--------+-----+--------+

Top non-repeatable levels by time:
     D:2: 2142 daAuts
     D:1: 770 daAuts
     D:3: 21 daAuts
